 Dungeon Crawl Stone Soup version 0.31.0-11-ge490571c62 (webtiles) character file.

Game seed: 14267746438146380374

258082 EonDragon20 the Acrobat (level 19, -1/202 HPs)
             Began as a Merfolk Shapeshifter on Feb 7, 2024.
             Was a High Priest of Wu Jian.
             Slain by Mennas
             ... wielding a +5 sacred scourge of holy wrath
              (5 damage)
             ... on level 2 of the Vaults on Feb 8, 2024.
             The game lasted 01:45:45 (39219 turns).

EonDragon20 the Acrobat (Merfolk Shapeshifter)     Turns: 39219, Time: 01:45:45

Health: -1/202     AC: 15    Str: 29    XL:     19   Next: 86%
Magic:  19/19      EV: 31    Int: 11    God:    Wu Jian [*****.]
Gold:   2820       SH:  0    Dex: 26    Spells: 18/18 levels left

rFire   + . .        j - melded +4 spear (protect)
rCold   . . .        (shield currently unavailable)
rNeg    + + +        a - melded +1 animal skin
rPois   +            (helmet currently unavailable)
rElec   .            (cloak currently unavailable)
rCorr   .            n - melded +2 pair of gloves
SInv    .            (boots currently unavailable)
Will    +....        Y - amulet of regeneration
Stlth   +            L - ring of protection from fire
HPRegen 1.33/turn    V - ring of Onekk {^Drain Fly rN+++ Str+3 Dex+6}
MPRegen 0.16/turn

%: no passive effects
@: mighty, snake-form, spiked, flying, hasted, glowing, serpent's lash, very
quick
A: constrict, boosted hp, large, (nimble swimmer 2), (mertail)
}: 2/15 runes: decaying, serpentine
a: Begin Untransformation, Renounce Religion, Wall Jump, Serpent's Lash,
Heavenly Storm


You were on level 2 of the Vaults.
You worshipped Wu Jian.
Wu Jian was extremely pleased with you.
You were an enormous serpent.
You visited 6 branches of the dungeon, and saw 31 of its levels.
You visited the Abyss 1 time.
You also visited: Bailey.

You collected 3198 gold pieces.
You spent 378 gold pieces at shops.

Inventory:

Hand Weapons
 j - a +4 spear of protection (melded)
Missiles
 q - a throwing net (quivered)
Armour
 a - a +1 animal skin (melded)
 n - a +2 pair of gloves (melded)
 N - a +0 hat of stealth
Jewellery
 f - a ring of willpower
 r - a ring of ice
 x - an amulet of guardian spirit
 C - a ring of see invisible
 L - a ring of protection from fire (left hand)
 U - a ring of ice
 V - the ring of Onekk (right hand) {^Drain Fly rN+++ Str+3 Dex+6}
   (You acquired it on level 14 of the Dungeon)

   [ring of dexterity]

   Str+3:     It affects your strength (+3).
   Dex+6:     It affects your dexterity (+6).
   rN+++:     It renders you almost immune to negative energy.
   Fly:       It grants you flight.
   ^Drain:    It drains your maximum health when unequipped.
 Y - an amulet of regeneration (around neck)
Talismans
 c - a beast talisman
 d - a flux talisman
 G - a blade talisman
 X - the serpent talisman of Ysil (active) {Str+4 Dex+3}
   (You took it off Aizul on level 1 of the Swamp)

   [serpent talisman]

   Str+4:     It affects your strength (+4).
   Dex+3:     It affects your dexterity (+3).
Wands
 p - a wand of polymorph (35)
 t - a wand of iceblast (31)
 w - a wand of flame (52)
 H - a wand of mindburst (18)
 O - a wand of digging (30)
 S - a wand of paralysis (32)
 W - a wand of acid (33)
Scrolls
 e - 8 scrolls of amnesia
 h - 8 scrolls of noise
 k - 2 scrolls of immolation
 l - 10 scrolls of vulnerability
 o - 12 scrolls of teleportation
 s - 4 scrolls of fog
 u - 3 scrolls of torment
 y - 4 scrolls of poison
 B - a scroll of brand weapon
 D - 4 scrolls of fear
 I - a scroll of silence
 P - 7 scrolls of enchant armour
 R - 2 scrolls of enchant weapon
 T - 14 scrolls of identify
 Z - 2 scrolls of revelation
Potions
 b - 3 potions of lignification
 i - 6 potions of attraction
 m - 10 potions of curing
 v - a potion of invisibility
 z - a potion of enlightenment
 A - 5 potions of mutation
 E - 8 potions of might
 F - 3 potions of magic
 J - 4 potions of brilliance
 Q - a potion of ambrosia


   Skills:
 * Level 20.2 Fighting
 * Level 23.4 Dodging
 * Level 20.2 Unarmed Combat
 - Level 19.0 Shapeshifting


You had 18 spell levels left.
You didn't know any spells.
Your spell library contained the following spells:

 Spells                   Type           Power      Damage    Failure   Level
 Freeze                   Ice            0%         1d3       34%         1
 Sandblast                Erth           0%         2d4       34%         1
 Ensorcelled Hibernation  Hex/Ice        0%         N/A       47%         2
 Jinxbite                 Hex            0%         N/A       47%         2
 Mercury Vapours          Alch/Air       0%         N/A       47%         2
 Scorch                   Fire           0%         2d5       47%         2
 Frozen Ramparts          Ice            0%         1d1       71%         3
 Fugue of the Fallen      Necr           0%         N/A       71%         3
 Gell's Gravitas          Tloc           0%         N/A       71%         3
 Hailstorm                Conj/Ice       0%         3d5       71%         3
 Mephitic Cloud           Conj/Alch/Air  0%         N/A       71%         3
 Ozocubu's Armour         Ice            0%         N/A       71%         3
 Passwall                 Erth           0%         N/A       71%         3
 Stone Arrow              Conj/Erth      0%         3d7       71%         3
 Summon Ice Beast         Ice/Summ       0%         N/A       71%         3
 Teleport Other           Tloc           0%         N/A       71%         3
 Volatile Blastmotes      Fire/Tloc      0%         2d10      71%         3
 Anguish                  Hex/Necr       0%         N/A       98%         4
 Brom's Barrelling Bould  Conj/Erth      0%         2d3       98%         4
 Flame Wave               Conj/Fire      0%         2d4       98%         4
 Fulminant Prism          Conj/Alch      0%         3d5       98%         4
 Ignite Poison            Fire/Alch      0%         N/A       98%         4
 Iskenderun's Mystic Bla  Conj/Tloc      0%         2d3       98%         4
 Leda's Liquefaction      Alch/Erth      0%         N/A       98%         4
 Manifold Assault         Tloc           0%         N/A       98%         4
 Petrify                  Alch/Erth      0%         N/A       98%         4
 Sticky Flame             Fire/Alch      0%         2d4       98%         4
 Vhi's Electric Charge    Tloc/Air       0%         N/A       98%         4
 Arcjolt                  Conj/Air       0%         1d10      100%        5
 Freezing Cloud           Conj/Ice/Air   0%         6-21      100%        5
 Metabolic Englaciation   Hex/Ice        0%         N/A       100%        5
 Summon Mana Viper        Hex/Summ       0%         N/A       100%        5
 Yara's Violent Unravell  Hex/Alch       0%         3d3       100%        5
 Dispersal                Tloc           0%         N/A       100%        6
 Plasma Beam              Fire/Air       0%         2x1d10    100%        6
 Sculpt Simulacrum        Ice/Alch       0%         N/A       100%        6
 Summon Cactus Giant      Summ           0%         N/A       100%        6
 Enfeeble                 Hex            0%         N/A       100%        7
 Monstrous Menagerie      Summ           0%         N/A       100%        7
 Ignition                 Fire           0%         3d3       100%        8
 Death's Door             Necr           0%         N/A       100%        9


Dungeon Overview and Level Annotations

Branches:
Dungeon (15/15)              Lair (4/5) D:8           Swamp (4/4) Lair:3
  Snake (4/4) Lair:3          Orc (2/2) D:9             Elf (0/3) Orc:2
 Vaults (2/5) D:13         Depths (0/4) D:15         Bailey (visited)
 Temple: D:4-7        Slime: Lair:4-5     Crypt: Vaults:2-3

Altars:
Dithmenos
Gozag
Hepliaklqana
Okawaru
Vehumet
Wu Jian
Zin
The Shining One

Shops:
D:5 *?=?   D:6 *   Orc:1 [   Orc:2 =!(   Snake:2 =:=   Snake:3 *   Snake:4 [
Vaults:2 ?

Annotations:
Orc:2 3 runed translucent doors, hawla's ghost, journeyman MiFi
Vaults:2 Mennas


Innate Abilities, Weirdness & Mutations

You are an enormous serpent.
You have a powerful constriction melee attack.
Your maximum health is increased.
Your armour is entirely melded.
You are incapable of wielding weapons or throwing items.
((You are very nimble when in or above water. (Stealth+, EV+, Speed+++)))
((Your lower body shifts to a powerful aquatic tail in water.))


Message History

The glowing orange brain pulsates ominously.
The glowing orange brain pulsates.
You resist with almost no effort. Mennas closely misses you.
Mennas hits you with a +5 sacred scourge of holy wrath!!
You feel very mighty all of a sudden.
The glowing orange brain changes into a steelbarb worm!
The steelbarb worm completely misses you.
Mennas gestures frantically.
You resist with some effort.
You bump into the stone wall.
You feel less confused.
The steelbarb worm completely misses you.
Mennas hits you with a +5 sacred scourge of holy wrath!!
* * * LOW HITPOINT WARNING * * *
Mennas hits you with a +5 sacred scourge of holy wrath.
* * * LOW HITPOINT WARNING * * *
The steelbarb worm hits you.
* * * LOW HITPOINT WARNING * * *
Barbed spikes become lodged in your body.
Mennas barely misses you.
Mennas hits you with a +5 sacred scourge of holy wrath!
* * * LOW HITPOINT WARNING * * *
You feel yourself speed up.
The steelbarb worm changes into a radroach!
Mennas hits you with a +5 sacred scourge of holy wrath!!
* * * LOW HITPOINT WARNING * * *
Mennas closely misses you. The steelbarb worm closely misses you.
You feel much better.
The radroach changes into a water nymph!
Mennas hits you with a +5 sacred scourge of holy wrath!!
* * * LOW HITPOINT WARNING * * *
Mennas hits you with a +5 sacred scourge of holy wrath.
* * * LOW HITPOINT WARNING * * *
The steelbarb worm completely misses you.
Okay, then.
Your muscles tense, ready for explosive movement...
Okay, then.
You feel as though your hastened speed will last longer.
Mennas hits you with a +5 sacred scourge of holy wrath.
You die...

#..........................
+..........................
#..........................
#................^.........
#..........................
#..........................
#..........................
####'#####################+
#.....mS....# #.†.#.wA.#..#
#.....#...# # #.#...#.#...#
#...#...#...# #...G....#..#
#...#...#..(# #....#### #.#
#.#..


You could see Mennas, a steelbarb worm shaped shifter and a water nymph shaped
shifter.

Vanquished Creatures
  Xtahua (Vaults:2)
  Sojobo (Vaults:2)
  Vashnia (Snake:1)
  Saint Roka (Snake:1)
  Margery (Vaults:1)
  Rupert (Orc:2)
  A hellephant (Vaults:2)
  Asterion (Vaults:1)
  2 thorn hunters
  Gastronok (Lair:2)
  Kirke (D:14)
  2 tengu reavers (Vaults:2)
  2 nagarajas
  Donald (Vaults:1)
  Aizul (Swamp:1)
  2 fenstrider witches
  5 vault wardens
  2 ironbound preservers (Vaults:1)
  Louise (Snake:4)
  2 orc warlords
  A very ugly thing (Abyss:1)
  2 ironbound thunderhulks (Vaults:1)
  6 eleionomae
  A lorocyproca (Abyss:1)
  2 bunyips
  A stone giant (Orc:2)
  A war gargoyle (Vaults:1)
  A deep elf death mage (Vaults:2)
  3 dire elephants (Vaults:1)
  Snorg (D:14)
  3 shambling mangroves
  Josephine (Lair:3)
  2 yaktaur captains (Vaults:1)
  24 hydras
  2 ghost crabs
  8 salamander tyrants
  2 ogre magi (Orc:2)
  A peacekeeper (Vaults:1)
  4 great orbs of eyes
  Harold (D:11)
  6 centaur warriors
  2 rakshasas
  13 two-headed ogres
  A spriggan air mage (Swamp:3)
  2 catoblepae
  16 anacondas
  4 alligators
  5 boulder beetles
  3 ironbound frosthearts
  9 naga warriors
  4 death yaks
  A thrashing horror (Abyss:1)
  Urug (D:13)
  A tengu warrior (D:13)
  3 spriggan berserkers (Swamp:4)
  12 naga sharpshooters
  2 sun demons (Abyss:1)
  6 shock serpents
  3 hell knights
  2 wretched stars (Abyss:1)
  A sixfirhy (Abyss:1)
  A skyshark (Lair:3)
  7 salamander mystics
  7 goliath frogs
  A death drake (Swamp:4)
  3 spriggan druids
  3 large abominations (Abyss:1)
  4 arcanists
  A glowing orange brain (Vaults:1)
  7 naga ritualists
  8 swamp dragons
  Pikel (D:9)
  4 bog bodies
  10 deep trolls
  An orc knight (D:13)
  10 mana vipers
  4 ironbound convokers
  2 deep elf pyromancers
  6 lindwurms
  3 necromancers
  2 manticores
  11 ugly things
  3 orc sorcerers
  4 cyclopes
  7 will-o-the-wisps
  23 salamanders
  A faun (shapeshifter) (Vaults:2)
  24 black mambas
  Maurice (D:11)
  4 elephants (Lair:3)
  7 cane toads
  An apocalypse crab (Abyss:1)
  11 guardian serpents
  12 naga magi
  3 gargoyles
  An orange demon (Abyss:1)
  5 vault sentinels
  An efreet (D:11)
  2 unseen horrors
  2 kobold demonologists (D:11)
  5 rime drakes
  5 komodo dragons
  2 tengu conjurers
  14 yaktaurs
  An ancient zyme (Abyss:1)
  16 trolls
  4 bloated husks
  19 blink frogs
  A merfolk (shapeshifter) (D:15)
  A polar bear (Lair:3)
  9 hornets
  8 tyrant leeches
  Prince Ribbit (Lair:3)
  5 dream sheep (Lair:3)
  32 slime creatures
  13 spriggans
  A shadow (D:11)
  32 yaks
  A black mamba skeleton (Abyss:1)
  3 wyverns
  A hog (D:14)
  3 starcursed masses (Abyss:1)
  7 wraiths
  A redback (shapeshifter) (Vaults:2)
  A basilisk (Lair:3)
  4 steam dragons
  8 vampire mosquitoes
  5 wargs
  A chaos spawn (Abyss:1)
  18 swamp worms
  31 nagas
  2 acid dragons
  2 small abominations (Abyss:1)
  9 water moccasins
  8 swamp drakes
  18 orc warriors
  A black bear (shapeshifter) (D:14)
  A boggart (Vaults:2)
  2 ice beasts (D:6)
  3 laughing skulls
  20 ogres
  4 centaurs
  15 wolves
  2 phantoms (D:5)
  5 kobold brigands
  13 bullfrogs
  5 scorpions
  3 gnoll sergeants
  8 wights
  10 killer bees
  5 howler monkeys
  An electric eel (Lair:3)
  3 bombardier beetles
  3 hounds
  A jelly (D:5)
  11 orc priests
  4 iguanas
  3 sleepcaps
  18 orc wizards
  5 hell rats (Lair:1)
  Robin (D:4)
  12 gnolls
  8 adders
  5 white imps
  4 ufetubi
  3 dart slugs
  A ribbon worm (D:4)
  55 orcs
  9 endoplasms
  3 giant cockroaches
  20 goblins
  14 hobgoblins
  9 jackals
  3 quokkas
  11 ball pythons
  5 bats
  5 frilled lizards
  32 kobolds
  4 rats
  A lurking horror (Abyss:1)
1045 creatures vanquished.

Vanquished Creatures (others)
  2 bloated husks (Swamp:2)
  A spriggan (Swamp:1)
  36 foxfires
  A lurking horror (Abyss:1)
40 creatures vanquished.

Grand Total: 1085 creatures vanquished

Notes
Turn   | Place    | Note
-------+----------+-------------------------------------------
     0 | D:1      | EonDragon20 the Merfolk Shapeshifter began the quest for
                  | the Orb.
     0 | D:1      | Reached XP level 1. HP: 15/15 MP: 1/1
    81 | D:1      | Found a faded altar of an unknown god.
   162 | D:1      | Reached XP level 2. HP: 20/21 MP: 2/2
   418 | D:1      | Reached skill level 5 in Shapeshifting
   685 | D:1      | Reached XP level 3. HP: 21/26 MP: 3/3
   884 | D:2      | Found a hazy altar of Hepliaklqana.
  1209 | D:2      | Reached XP level 4. HP: 26/32 MP: 4/4
  1350 | D:2      | Found Zobracev's Antique Weapon Emporium.
  2152 | D:3      | Found a glowing golden altar of the Shining One.
  2191 | D:3      | Reached XP level 5. HP: 30/37 MP: 5/5
  2875 | D:4      | Reached skill level 3 in Dodging
  2881 | D:4      | Reached XP level 6. HP: 40/44 MP: 6/6
  3105 | D:4      | Reached skill level 4 in Dodging
  3129 | D:4      | Reached XP level 7. HP: 41/52 MP: 7/7
  3350 | D:4      | Noticed Robin
  3393 | D:4      | Killed Robin
  4419 | D:4      | Reached skill level 5 in Dodging
  4531 | D:4      | Reached skill level 5 in Unarmed Combat
  4638 | D:5      | Entered Level 5 of the Dungeon
  4638 | D:5      | Found Ybaoj's Magic Scroll Boutique.
  4653 | D:5      | Bought a scroll of teleportation for 36 gold pieces
  4653 | D:5      | Bought a scroll of identify for 24 gold pieces
  4653 | D:5      | Bought a scroll of identify for 24 gold pieces
  4653 | D:5      | Bought a scroll of identify for 24 gold pieces
  4805 | D:5      | Reached XP level 8. HP: 57/61 MP: 8/8
  4810 | D:5      | Reached skill level 6 in Dodging
  4855 | D:5      | Found Mihyaroes's Assorted Antiques.
  4858 | D:5      | Found Xuac's Magic Scroll Shop.
  4860 | D:5      | Found Teink's Jewellery Shop.
  4973 | D:5      | Found an ornate altar of the Wu Jian Council.
  5047 | D:5      | Became a worshipper of the Wu Jian Council
  5100 | D:5      | Reached skill level 5 in Fighting
  5283 | D:6      | Found a radiant altar of Vehumet.
  5478 | D:6      | Found an iron altar of Okawaru.
  5613 | D:6      | Found a shadowy altar of Dithmenos.
  5716 | D:6      | Found an opulent altar of Gozag.
  6031 | D:6      | Found Gozag's Platinum Reserve.
  6460 | D:7      | Reached XP level 9. HP: 68/68 MP: 9/9
  6524 | D:7      | Reached skill level 10 in Shapeshifting
  6530 | D:7      | Reached * piety under Wu Jian
  6602 | D:7      | Reached skill level 7 in Dodging
  6897 | D:7      | Found a flagged portal.
  6911 | Bailey   | Entered a bailey
  7007 | Bailey   | Noticed an orc warlord
  7070 | Bailey   | Found a runed translucent gate.
  7075 | Bailey   | Found a runed translucent gate.
  7080 | Bailey   | Found a runed translucent gate.
  8107 | D:8      | Reached skill level 8 in Dodging
  8107 | D:8      | Found a staircase to the Lair.
  8313 | D:8      | Reached XP level 10. HP: 79/79 MP: 10/10
  8364 | D:8      | Reached skill level 9 in Dodging
  8369 | D:8      | Reached ** piety under Wu Jian
  9223 | Lair:1   | Entered Level 1 of the Lair of Beasts
  9465 | Lair:1   | Reached skill level 10 in Dodging
  9860 | Lair:1   | Noticed a catoblepas
  9874 | Lair:1   | Killed a catoblepas
 10245 | Lair:2   | Reached skill level 11 in Dodging
 10371 | Lair:2   | Noticed a cane toad
 10376 | Lair:2   | Killed a cane toad
 10377 | Lair:2   | Reached XP level 11. HP: 89/89 MP: 11/11
 10379 | Lair:2   | Noticed a four-headed hydra
 10419 | Lair:2   | Reached skill level 10 in Unarmed Combat
 10445 | Lair:2   | Killed a four-headed hydra
 10619 | Lair:2   | Noticed a five-headed hydra
 10636 | Lair:2   | Killed a five-headed hydra
 10637 | Lair:2   | Reached skill level 10 in Fighting
 10637 | Lair:2   | Reached skill level 12 in Dodging
 10895 | Lair:2   | Reached *** piety under Wu Jian
 10898 | Lair:2   | Noticed a six-headed hydra
 11028 | Lair:2   | Noticed Gastronok
 11052 | Lair:2   | Killed Gastronok
 11216 | Lair:2   | Reached skill level 13 in Dodging
 11259 | Lair:2   | Reached XP level 12. HP: 100/100 MP: 12/12
 11838 | Lair:2   | Killed a six-headed hydra
 12187 | Lair:3   | Noticed Josephine
 12192 | Lair:3   | Killed Josephine
 12289 | Lair:3   | Found a staircase to the Snake Pit.
 12294 | Lair:3   | Reached skill level 14 in Dodging
 12759 | Lair:3   | Noticed a death yak
 12759 | Lair:3   | Noticed a death yak
 12786 | Lair:3   | Killed a death yak
 12799 | Lair:3   | Noticed a skyshark
 12809 | Lair:3   | Killed a skyshark
 13001 | Lair:3   | Reached **** piety under Wu Jian
 13087 | Lair:3   | Noticed a boulder beetle
 13100 | Lair:3   | Killed a boulder beetle
 13315 | Lair:3   | Reached skill level 15 in Dodging
 13315 | Lair:3   | Reached XP level 13. HP: 109/109 MP: 13/13
 13442 | Lair:3   | Noticed Prince Ribbit
 13452 | Lair:3   | Killed Prince Ribbit
 13862 | Lair:3   | Found a staircase to the Swamp.
 14352 | Lair:4   | Reached skill level 16 in Dodging
 14675 | Lair:4   | Identified the +7 trident of Equilibrium {pain, rCorr}
 14695 | Lair:4   | Identified the +0 leather armour of Elyvilon, Shouting
                  | {rElec Int+6}
 15246 | D:9      | Found a staircase to the Orcish Mines.
 15252 | D:9      | Noticed Pikel
 15268 | D:9      | Reached ***** piety under Wu Jian
 15272 | D:9      | Killed Pikel
 15885 | D:9      | Found a glowing silver altar of Zin.
 15976 | D:9      | Found a hazy altar of Hepliaklqana.
 16084 | Orc:1    | Entered Level 1 of the Orcish Mines
 16129 | Orc:1    | Noticed an orc warlord
 16235 | D:9      | Killed an orc warlord
 16907 | Orc:1    | Reached XP level 14. HP: 114/120 MP: 14/14
 17061 | Orc:1    | Found Ereacze's Antique Armour Shoppe.
 17122 | Orc:2    | Entered Level 2 of the Orcish Mines
 17125 | Orc:2    | Noticed hawla's ghost (journeyman MiFi)
 17201 | D:10     | Entered Level 10 of the Dungeon
 17345 | D:10     | Identified the +6 arbalest of Gozag's Vengeance {speed,
                  | rCorr Int+6}
 18355 | D:11     | Noticed Harold
 18366 | D:11     | Killed Harold
 18770 | D:11     | Noticed Maurice
 18787 | D:11     | Killed Maurice
 20155 | D:13     | Identified the +0 scale mail of the Lemon {Int+5}
 20253 | D:13     | Noticed Urug
 20263 | D:13     | Killed Urug
 20886 | D:13     | Found a gate to the Vaults.
 20900 | D:13     | Reached skill level 15 in Shapeshifting
 21377 | D:14     | Noticed Kirke
 21389 | D:14     | Noticed a sphinx
 21391 | D:14     | Killed Kirke
 21395 | D:14     | Noticed Snorg
 21399 | D:14     | Killed Snorg
 21399 | D:14     | Reached ****** piety under Wu Jian
 21537 | D:14     | Found a shadowy altar of Dithmenos.
 21811 | D:14     | Identified a scroll of acquirement
 21811 | D:14     | Acquired the ring of Onekk {^Drain Fly rN+++ Str+3 Dex+6}
 21824 | D:15     | Entered Level 15 of the Dungeon
 22493 | D:15     | Reached XP level 15. HP: 126/126 MP: 15/15
 22883 | D:15     | Found a glowing silver altar of Zin.
 22968 | D:15     | Found a staircase to the Depths.
 23320 | Snake:1  | Entered Level 1 of the Snake Pit
 24956 | Snake:2  | You are sucked into a shaft and drop 1 floor!
 24956 | Snake:3  | Found Saczar's CLEARANCE SALE!.
 24999 | Snake:2  | Identified the +4 hand axe "Piefiosk" {speed, rF+ Str-4
                  | Int+2 Dex+2}
 25055 | Snake:2  | Noticed Vashnia
 25174 | Snake:2  | Noticed Saint Roka
 25245 | Swamp:1  | Entered Level 1 of the Swamp
 25245 | Swamp:1  | Identified the serpent talisman of Ysil {Str+4 Dex+3}
 25245 | Swamp:1  | Noticed Aizul
 25365 | Swamp:1  | Killed Aizul
 25491 | Swamp:1  | Reached skill level 17 in Dodging
 25872 | Swamp:2  | Noticed a fenstrider witch
 25898 | Swamp:2  | Killed a fenstrider witch
 25899 | Swamp:2  | Reached skill level 15 in Unarmed Combat
 26072 | Swamp:2  | Reached XP level 16. HP: 134/134 MP: 16/16
 26121 | Swamp:2  | Reached skill level 15 in Fighting
 26913 | Swamp:3  | Reached skill level 18 in Dodging
 27016 | Swamp:3  | Identified the +3 ring mail of the Mertaur {rCorr}
 27097 | Swamp:3  | Noticed a fenstrider witch
 27104 | Swamp:3  | Killed a fenstrider witch
 27373 | Swamp:3  | Noticed a thorn hunter
 27376 | Swamp:3  | Killed a thorn hunter
 27502 | Swamp:4  | Entered Level 4 of the Swamp
 27565 | Swamp:4  | Noticed a thorn hunter
 27581 | Swamp:4  | Killed a thorn hunter
 28251 | Swamp:4  | Reached skill level 19 in Dodging
 28535 | Swamp:4  | Reached XP level 17. HP: 145/145 MP: 17/17
 28846 | Swamp:4  | Identified the +1 scale mail of Instinct {rElec rF+}
 28939 | Swamp:4  | Got a decaying rune of Zot
 29210 | Snake:1  | Killed Saint Roka
 29486 | Snake:1  | Killed Vashnia
 30107 | Snake:2  | Reached skill level 20 in Dodging
 30181 | Snake:2  | Found Ucwiw's Jewellery Boutique.
 30182 | Snake:2  | Found Ikaw's Book Shoppe.
 30183 | Snake:2  | Found Vyttoeqiydo's Jewellery Boutique.
 30193 | Snake:2  | Bought a ring of see invisible for 270 gold pieces
 31118 | Snake:4  | Entered Level 4 of the Snake Pit
 31354 | Snake:4  | Noticed Louise
 31376 | Snake:4  | Killed Louise
 31867 | Snake:4  | Reached XP level 18. HP: 156/156 MP: 18/18
 32161 | Snake:4  | Reached skill level 21 in Dodging
 32360 | Abyss:1  | Cast into level 1 of the Abyss (salamander)
 32385 | Abyss:1  | Found a corrupted altar of Lugonu.
 32385 | Abyss:1  | Found a corrupted altar of Lugonu.
 32385 | Abyss:1  | Found a corrupted altar of Lugonu.
 32808 | Snake:4  | Escaped the Abyss
 32990 | Snake:4  | Found Ysupny's Armour Emporium.
 33641 | Snake:4  | Got a serpentine rune of Zot
 34100 | Vaults:1 | Entered Level 1 of the Vaults
 34654 | Vaults:1 | Noticed Asterion
 34673 | Vaults:1 | Killed Asterion
 34837 | Vaults:1 | Reached skill level 22 in Dodging
 35263 | Vaults:1 | Reached XP level 19. HP: 166/166 MP: 19/19
 35264 | Vaults:1 | Noticed Donald
 35296 | Vaults:1 | Killed Donald
 36339 | Orc:2    | Paralysed by something for 3 turns
 36371 | Orc:2    | Found Cegis's Armour Shop.
 36405 | Orc:2    | Found Oplemimaot's Antique Weapon Shoppe.
 36412 | Orc:2    | Found Lonerch Opri's Distillery.
 36413 | Orc:2    | Found Oky Qaha's Jewellery Shop.
 36700 | Orc:2    | Found a runed translucent gate.
 36700 | Orc:2    | Found a runed translucent gate.
 36700 | Orc:2    | Found a runed translucent gate.
 36751 | Orc:2    | Noticed Rupert
 36767 | Orc:2    | Killed Rupert
 36864 | Orc:2    | Found a staircase to the Elven Halls.
 37450 | Vaults:2 | Noticed Margery
 37451 | Vaults:2 | Noticed a hellephant
 37681 | Vaults:1 | Killed Margery
 37682 | Vaults:1 | Reached skill level 23 in Dodging
 37728 | Vaults:2 | Killed a hellephant
 37894 | Vaults:2 | Noticed Xtahua
 37894 | Vaults:2 | Paralysed by Xtahua for 3 turns
 37911 | Vaults:2 | Killed Xtahua
 37951 | Vaults:2 | Found Xumyb's Magic Scroll Boutique.
 38756 | Vaults:2 | Got the Guide on Evil Austromancy
 38787 | Vaults:2 | Noticed Sojobo
 38943 | Vaults:2 | Killed Sojobo
 39206 | Vaults:2 | Noticed Mennas
 39218 | Vaults:2 | HP: 8/202 [Mennas/+5 sacred scourge of holy wrath (32)]
 39218 | Vaults:2 | HP: 3/202 [Mennas/+5 sacred scourge of holy wrath (5)]
 39219 | Vaults:2 | Slain by Mennas

Illustrated notes

Levels and vault maps discovered:
D:1:      eino_arrival_tree_alley, layout_basic,
          shapermc_ecumenical_altar_flowoftime
D:2:      layout_basic, basic_altar, serial_shops, shop_statue
D:3:      minmay_inner_zag, layout_loops_corners, tso_oasis_becter
D:4:      layout_basic, uniq_robin
D:5:      layout_basic, nicolae_wu_jian_immortal_techniques,
          corexii_item_surrounded_by_moat, nicolae_shop_distant_corner_stores,
          nicolae_stop_n_shop_2
D:6:      layout_loops_ring, nicolae_overflow_hidden_temple,
          nicolae_gozag_zags_fifth_avenue, lemuel_round_altar,
          mainiacjoe_overflow_paths
D:7:      layout_cave_pools, minmay_temple_entry_from_below_b, enter_bailey_2
D:8:      layout_basic, erik_lair_orcish_takeover
D:9:      layout_big_octagon, mainiacjoe_overflow_24_doors, lemuel_tele_altar,
          orc_david_3, minmay_misc_feat_ornament, the_hattery, uniq_pikel
D:10:     nicolae_cairo_tiling_large, layout_basic
D:11:     layout_long_grid, uniq_harold, uniq_maurice
D:12:     layout_irregular_city
D:13:     layout_roguey, david_vaults_1, uniq_urug
D:14:     layout_roguey, grunt_dithmenos_smoke_and_mirrors,
          minmay_misc_feat_secret_circle, uniq_snorg, uniq_kirke
D:15:     gammafunk_enter_depths_forms, layout_basic,
          chequers_serial_rivers_small_b, zin_treasury
Lair:1:   layout_misc_corridors
Lair:2:   layout_regular_city, uniq_gastronok
Lair:3:   layout_roguey, mainiacjoe_swamp_entry_lozenge_pond,
          guppyfry_snake_entry_garden, nzn_sisyphean_effort,
          serial_bayou_shore_a, uniq_prince_ribbit2, uniq_josephine
Lair:4:   layout_concentric_octagons, lightli_volcano_entry_magma_tube,
          grunt_forest_large_clearing_hut, grunt_megastairs_5
Swamp:1:  layout_falls_marsh, infiniplex_staircase_pool, swamp_pool_1_2,
          uniq_aizul
Swamp:2:  layout_basic_swamp, serial_swamp_ruin, hangedman_swamp_ruin_hall,
          evilmike_swamp_ruin_house_5, nicolae_swamp_wisp_ring_woods,
          nicolae_swamp_decorative_isthmus
Swamp:3:  layout_basic_swamp, nicolae_swamp_tree_designs
Swamp:4:  swamp_basic_johnstein, layout_basic_swamp
Snake:1:  layout_layer_cave, hangedman_snake_pattern
Snake:2:  layout_onion_interference, serial_library_hellmonk_octagon,
          grunt_megastairs_2, minmay_shop_grove, serial_bayou_shore_b,
          uniq_saint_roka, uniq_vashnia
Snake:3:  layout_cave_shapes, nicolae_shop_clearance, serial_bayou_shore_b
Snake:4:  snake_pit_salamanders_mu, layout_onion, serial_shops, shop,
          nicolae_snake_snakewalk, uniq_louise
Orc:1:    layout_caves, serial_shops, nicolae_shop_just_a_little_nook,
          mines1_david
Orc:2:    st_orc_open, layout_diamond_mine, maelrawn_ghost_gauntlet_escape,
          basic_altar, uniq_rupert
Vaults:1: nicolae_vaults_sealed_display, vaults_mumra_minichess_inversion,
          ontoclasm_vaults_spin, vaults_mumra_hex, nicolae_vaults_house_1,
          nicolae_vaults_diagonal_hallway_6, vaults_room_semicircle,
          nicolae_vaults_offset_grid_hallway_1, nicolae_vaults_tetromino_Z_1,
          nicolae_vaults_apartment_1, layout_vaults_quadrants, uniq_donald,
          uniq_asterion
Vaults:2: nicolae_vaults_shelves_hall, nicolae_vaults_circle_grid_b,
          nicolae_vaults_trapezoid_1, v_misc_19, nicolae_vaults_trapezoid_3,
          nicolae_vaults_loss_of_containment, v_misc_2,
          nicolae_vaults_variable_pillar_hall, vaults_mumra_hexcomb,
          grunt_vaults_diagonal, v_misc_11, ontoclasm_vaults_tryst,
          layout_vaults_big_room, serial_shops, shop, uniq_xtahua, uniq_margery,
          uniq_sojobo, uniq_mennas

Skill      XL: |  1  2  3  4  5  6  7  8  9 10 11 12 13 14 15 16 17 18 19 |
---------------+----------------------------------------------------------+-----
Shapeshifting  | 5 6 7 9 10 11 17 19 | 19.0
Dodging        | 3 4 5 6 8 11 13 15 16 17 19 20 22 23 | 23.4
Fighting       | 3 4 5 7 9 11 12 14 16 17 19 20 | 20.2
Unarmed Combat | 4 5 6 7 9 11 13 14 15 16 17 19 20 | 20.2

Action                     |  1- 3 |  4- 6 |  7- 9 | 10-12 | 13-15 | 16-18 | 19-21 || total
---------------------------+-------+-------+-------+-------+-------+-------+-------++-------
  Melee: Unarmed           |    57 |    55 |   354 |   349 |   968 |  1105 |   342 ||  3230
         Spear             |    74 |   120 |       |       |       |       |       ||   194
         Punch             |     3 |     2 |       |       |       |       |       ||     5
         Constrict         |       |       |    20 |    62 |   204 |   217 |    79 ||   582
         Tailslap          |       |       |     4 |       |       |       |       ||     4
 Invoke: Heavenly Storm    |       |       |       |       |       |     4 |     2 ||     6
         Serpent's Lash    |       |       |       |       |       |       |     1 ||     1
Ability: Lunge             |       |       |    22 |    20 |    80 |    84 |    27 ||   233
         Whirlwind         |       |       |     6 |    36 |    60 |    68 |    25 ||   195
  Evoke: Wand              |       |       |     1 |     8 |       |     9 |       ||    18
    Use: Scroll            |     3 |     9 |     5 |     8 |     9 |     1 |     2 ||    37
         Potion            |       |       |       |     1 |     4 |     7 |     4 ||    16
   Stab: Sleeping          |     1 |     1 |       |     1 |     2 |     5 |       ||    10
         Distracted        |       |       |       |     1 |     1 |     7 |       ||     9
         Petrified         |       |       |       |       |     7 |       |       ||     7
         Confused          |       |       |       |       |       |     1 |       ||     1
         Paralysed         |       |       |       |       |       |     1 |       ||     1
 Armour: Animal skin       |    47 |    62 |       |       |       |       |       ||   109
         Skin              |       |     8 |   123 |   195 |   451 |   526 |   120 ||  1423
  Dodge: Dodged            |    63 |   101 |   231 |   225 |   612 |  1053 |   255 ||  2540
   Form: Flux              |       |     1 |     1 |       |     2 |       |       ||     4
         Serpent           |       |       |     2 |       |     3 |       |       ||     5
